 Dungeon Crawl Stone Soup version 0.22-a0-617-g6d95e9e505 (webtiles) character file.

273 Kholdaimon the Charmwright (level 6, 0/50 HPs)
             Began as a Gnoll Skald on July 12, 2018.
             Succumbed to a gnoll sergeant's poison
             ... on level 4 of the Dungeon.
             The game lasted 00:14:30 (3292 turns).

Kholdaimon the Charmwright (Gnoll Skald)            Turns: 3292, Time: 00:14:30

Health: 0/50       AC:  4    Str: 13    XL:     6   Next: 24%
Magic:  12/13      EV: 14    Int: 17    God:
Gold:   183        SH:  4    Dex: 15    Spells: 5/15 levels left

rFire    . . .     SeeInvis .   i - +1 dagger (elec)
rCold    . . .     Gourm    .   u - +0 buckler
rNeg     . . .     Faith    .   b - +0 leather armour
rPois    .         Spirit   .   (no helmet)
rElec    .         Reflect  .   f - +0 cloak
rCorr    .         Harm     .   (no gloves)
MR       .....                  (no boots)
Stlth    ++........             (no amulet)
HPRegen  0.16/turn              (no ring)
MPRegen  0.13/turn              (no ring)

@: lethally poisoned (0 -> -23)
A: distributed training, fangs 1, strong nose
a: no special abilities


You were on level 4 of the Dungeon.
You were hungry.

You visited 1 branch of the dungeon, and saw 4 of its levels.

You collected 183 gold pieces.

Inventory:

Hand Weapons
 a - a +0 hand axe
 i - a +1 dagger of electrocution (weapon)
 y - a +0 spear
 D - a +2 hand axe of flaming
Missiles
 n - 27 stones (quivered)
 s - 4 tomahawks
 x - 23 sling bullets
 A - 4 javelins
 B - 2 needles of confusion
Armour
 b - a +0 leather armour (worn)
 f - a +0 cloak (worn)
 l - a +0 chain mail
 o - a +0 scale mail
 u - a +0 buckler (worn)
 w - a +0 ring mail
Jewellery
 h - an uncursed ring of resist corrosion {unknown}
Wands
 z - a wand of random effects (22)
Scrolls
 g - 4 scrolls of remove curse
 m - a scroll of fog
 C - a scroll of immolation {unknown}
 E - a scroll of enchant weapon {unknown}
Potions
 c - a potion of ambrosia
 e - a potion of mutation {unknown}
 j - 2 potions of brilliance {unknown}
 k - a potion of magic {unknown}
 p - 2 potions of degeneration {unknown}
 q - a potion of agility {unknown}
 r - a potion of resistance {unknown}
 t - 2 potions of curing
 v - 4 potions of berserk rage
Comestibles
 d - 6 rations
 F - a chunk of flesh


   Skills:
 + Level 4.9 Fighting
 + Level 1.8 Short Blades
 + Level 1.8 Long Blades
 + Level 4.9 Axes
 + Level 1.8 Maces & Flails
 + Level 1.8 Polearms
 + Level 1.8 Staves
 + Level 1.8 Slings
 + Level 1.8 Bows
 + Level 1.8 Crossbows
 + Level 1.8 Throwing
 + Level 3.1 Armour
 + Level 4.9 Dodging
 + Level 1.8 Stealth
 + Level 1.8 Shields
 + Level 1.8 Unarmed Combat
 + Level 5.3 Spellcasting
 + Level 1.4 Conjurations
 + Level 1.4 Hexes
 + Level 5.6 Charms
 + Level 1.4 Summonings
 + Level 1.4 Necromancy
 + Level 1.4 Translocations
 + Level 1.4 Transmutations
 + Level 1.4 Fire Magic
 + Level 1.4 Ice Magic
 + Level 1.4 Air Magic
 + Level 1.4 Earth Magic
 + Level 1.4 Poison Magic
 + Level 2.0 Invocations
 + Level 1.8 Evocations


You had 5 spell levels left.
You knew the following spells:

 Your Spells              Type           Power        Failure   Level  Hunger
a - Infusion              Chrm           ###.         2%          1    None
b - Song of Slaying       Chrm           ###.....     3%          2    #......
c - Shroud of Golubria    Chrm/Tloc      ###.......   9%          2    #......
d - Regeneration          Chrm/Necr      ###.......   16%         3    ##.....
e - Ensorcelled Hibernat  Hex/Ice        #.....       19%         2    #......

Your spell library contained the following spells:

 Spells                   Type           Power        Failure   Level  Hunger
 Confuse                  Hex            #.......     36%         3    ##.....
 Tukima's Dance           Hex            #.......     36%         3    ##.....
 Corona                   Hex            #......      13%         1    None
 Dazzling Spray           Conj/Hex       #.....       36%         3    ##.....
 Spectral Weapon          Hex/Chrm       ###.....     16%         3    ##.....


Dungeon Overview and Level Annotations

Branches:
Dungeon (4/15)
 Temple: D:4-7

Altars:
Qazlal


Innate Abilities, Weirdness & Mutations

Your experience applies equally to all skills.
You have very sharp teeth.
Your uncanny sense of smell can sniff out nearby items.


Message History

The gnoll hits you.
* * * LOW HITPOINT WARNING * * *
* * * LOW HITPOINT WARNING * * *
You feel sick. The gnoll barely misses you.
The gnoll sergeant closely misses you.
A ball python comes into view.
You are no longer magically infusing your attacks.
* * * LOW HITPOINT WARNING * * *
You feel sick. The gnoll misses you.
The gnoll sergeant hits you from afar with a trident of venom.
* * * LOW HITPOINT WARNING * * *
You are more poisoned.
* * * LOW HITPOINT WARNING * * *
You feel very sick.
The gnoll throws a throwing net.
The throwing net closely misses you.
* * * LOW HITPOINT WARNING * * *
You feel sick.
* * * LOW HITPOINT WARNING * * *
You feel sick.
You die...

.############.# #.#
..S..........#.# #.#
#.##.....# #.#.# #.#
........# #.#.# #.#
#..(...###)#'###.###
#.......g..........#
#..................#
##.#.....ggg..........#
#......@...g..........#
#...................###
#...#.....###.#.#####
#.. ####### #.#...
#.....#. #.#####
#.....#...####### #.#
.....#...#.....# #.#
....#...#.....###.####
...#...#............#


You could see a gnoll sergeant and 4 gnolls.

Vanquished Creatures
  A howler monkey (D:4)
  Crazy Yiuf (D:3)
  5 adders (D:2)
  5 gnolls
  An ooze (D:2)
  2 worms (D:2)
  2 dart slugs
  A leopard gecko (D:2)
  3 orcs (D:3)
  5 giant cockroaches
  8 goblins
  12 hobgoblins
  14 jackals
  A quokka (D:2)
  8 bats
  8 frilled lizards
  7 kobolds
  8 rats
92 creatures vanquished.

Notes
Turn   | Place    | Note
-------+----------+-------------------------------------------
     0 | D:1      | Kholdaimon the Gnoll Skald began the quest for the Orb.
     0 | D:1      | Reached XP level 1. HP: 20/20 MP: 6/6
    54 | D:1      | Reached XP level 2. HP: 25/26 MP: 7/7
    61 | D:1      | Learned a level 2 spell: Song of Slaying
    64 | D:1      | Learned a level 2 spell: Shroud of Golubria
   241 | D:1      | Reached XP level 3. HP: 21/31 MP: 9/9
   247 | D:1      | Reached skill level 5 in Spellcasting
   682 | D:2      | Reached skill level 1 in Invocations
   737 | D:2      | Learned a level 3 spell: Regeneration
   740 | D:2      | Learned a level 2 spell: Ensorcelled Hibernation
   859 | D:2      | Found a stormy altar of Qazlal.
   922 | D:2      | Reached skill level 1 in Short Blades
   922 | D:2      | Reached skill level 1 in Long Blades
   922 | D:2      | Reached skill level 1 in Maces & Flails
   922 | D:2      | Reached skill level 1 in Polearms
   922 | D:2      | Reached skill level 1 in Staves
   922 | D:2      | Reached skill level 1 in Slings
   922 | D:2      | Reached skill level 1 in Bows
   922 | D:2      | Reached skill level 1 in Crossbows
   922 | D:2      | Reached skill level 1 in Throwing
   922 | D:2      | Reached skill level 1 in Stealth
   922 | D:2      | Reached skill level 1 in Shields
   922 | D:2      | Reached skill level 1 in Unarmed Combat
   922 | D:2      | Reached skill level 1 in Evocations
   986 | D:2      | Reached XP level 4. HP: 30/38 MP: 7/11
  1039 | D:2      | Reached skill level 1 in Conjurations
  1039 | D:2      | Reached skill level 1 in Hexes
  1039 | D:2      | Reached skill level 1 in Summonings
  1039 | D:2      | Reached skill level 1 in Necromancy
  1039 | D:2      | Reached skill level 1 in Translocations
  1039 | D:2      | Reached skill level 1 in Transmutations
  1039 | D:2      | Reached skill level 1 in Fire Magic
  1039 | D:2      | Reached skill level 1 in Ice Magic
  1039 | D:2      | Reached skill level 1 in Air Magic
  1039 | D:2      | Reached skill level 1 in Earth Magic
  1039 | D:2      | Reached skill level 1 in Poison Magic
  1454 | D:2      | Reached XP level 5. HP: 43/43 MP: 7/12
  2557 | D:3      | Found a runed door.
  3019 | D:3      | Noticed Crazy Yiuf
  3024 | D:3      | Killed Crazy Yiuf
  3024 | D:3      | Reached XP level 6. HP: 50/50 MP: 13/13
  3291 | D:4      | HP: 2/50 [poisoned by a gnoll sergeant]
  3292 | D:4      | Succumbed to a gnoll sergeant's poison

Vault maps used:
D:1:      roderic_dead_forest
D:2:      first_ration, grunt_qazlal_clouds
D:3:      uniq_crazy_yiuf_cottage
D:4:      serial_shops, shop, st_stairs_9, uniq_menkaure

Skill      XL: |  1  2  3  4  5  6 |
---------------+-------------------+-----
Spellcasting   | 5 |  5.3
Invocations    | 1 2 |  2.0
Short Blades   | 1 |  1.8
Long Blades    | 1 |  1.8
Maces & Flails | 1 |  1.8
Polearms       | 1 |  1.8
Staves         | 1 |  1.8
Slings         | 1 |  1.8
Bows           | 1 |  1.8
Crossbows      | 1 |  1.8
Throwing       | 1 |  1.8
Stealth        | 1 |  1.8
Shields        | 1 |  1.8
Unarmed Combat | 1 |  1.8
Evocations     | 1 |  1.8
Conjurations   | 1 |  1.4
Hexes          | 1 |  1.4
Summonings     | 1 |  1.4
Necromancy     | 1 |  1.4
Translocations | 1 |  1.4
Transmutations | 1 |  1.4
Fire Magic     | 1 |  1.4
Ice Magic      | 1 |  1.4
Air Magic      | 1 |  1.4
Earth Magic    | 1 |  1.4
Poison Magic   | 1 |  1.4
Armour         | 3 |  3.1
Fighting       | |  4.9
Axes           | |  4.9
Dodging        | |  4.9
Charms         | |  5.6

Action                   |  1- 3 |  4- 6 || total
-------------------------+-------+-------++-------
Melee: Hand axe          |   129 |    85 ||   214
       Bite              |    10 |    11 ||    21
       Dagger            |       |    69 ||    69
Throw: Stone             |    10 |    31 ||    41
 Cast: Song of Slaying   |     1 |       ||     1
       Infusion          |     1 |     5 ||     6
       Regeneration      |       |     1 ||     1
  Use: Scroll            |       |     6 ||     6
 Stab: Sleeping          |     1 |     3 ||     4
  Eat: Chunk             |       |     7 ||     7
Armor: Leather armour    |    41 |    27 ||    68
Dodge: Dodged            |   120 |   102 ||   222
Block: Buckler           |     8 |    20 ||    28

Table legend:
 A = Spawn XP
 B = Non-spawn XP
 C = Spawn XP percentage of total XP
 D = Spawn monster count
 E = Non-spawn monster count
 F = Spawn count percentage of total count
 G = Total turns spent on level
                    A         B        C        D         E        F      G
               +---------+---------+-------+---------+---------+-------+---------
         Total |       0 |     391 |   0.0 |       0 |      92 |   0.0 |  3292
               +---------+---------+-------+---------+---------+-------+---------
           D:1 |       0 |      54 |   0.0 |       0 |      32 |   0.0 |   978
           D:2 |       0 |     184 |   0.0 |       0 |      36 |   0.0 |  1110
           D:3 |       0 |      85 |   0.0 |       0 |      22 |   0.0 |   982
           D:4 |       0 |      68 |   0.0 |       0 |       2 |   0.0 |   222
               +---------+---------+-------+---------+---------+-------+---------
